 Dungeon Crawl Stone Soup version 0.29.1-15-g9cfb28693d (webtiles) character file.

Game seed: 17842769837561559919

33 Barneous the Magician (level 3, -3/21 HPs)
             Began as an Octopode Hedge Wizard on Mar 16, 2023.
             Constricted to death by Terence (6 damage)
             ... on level 2 of the Dungeon.
             The game lasted 00:03:35 (1237 turns).

Barneous the Magician (Octopode Hedge Wizard)       Turns: 1237, Time: 00:03:36

Health: -3/21      AC:  1    Str:  9    XL:     3   Next: 29%
Magic:  6/8        EV: 10    Int: 18    God:
Gold:   0          SH:  0    Dex: 11    Spells: 8/9 levels left

rFire   . . .      SeeInvis .   a - +3 dagger (venom)
rCold   . . .      Faith    .   (no shield)
rNeg    . . .      Spirit   .   b - +0 hat
rPois   .          Reflect  .   (no amulet)
rElec   .          Harm     .   (no ring)
rCorr   .          Rampage  .   (no ring)
Will    .....                   (no ring)
Stlth   +++.......              (no ring)
HPRegen 0.07/turn               (no ring)
MPRegen 0.11/turn               (no ring)
                                (no ring)
                                (no ring)

@: grasped by roots, constricted
A: almost no armour, amphibious, 8 rings, camouflage 1, gelatinous body 1,
(nimble swimmer 1), tentacles
a: no special abilities


You were on level 2 of the Dungeon.
You visited 1 branch of the dungeon, and saw 2 of its levels.

Inventory:

Hand Weapons
 a - a +3 dagger of venom (weapon)
 f - a +3 short sword
Armour
 b - a +0 hat (worn)
Potions
 c - a potion of magic
 e - a potion of ambrosia


   Skills:
 * Level 0.4 Short Blades
 + Level 2.2 Dodging
 + Level 2.6 Stealth
 * Level 0.2 Unarmed Combat
 * Level 3.5 Spellcasting
 * Level 1.1 Conjurations
 * Level 1.4 Summonings
 * Level 1.4 Translocations


You had 8 spell levels left.
You knew the following spells:

 Your Spells              Type           Power      Damage    Failure   Level
a - Magic Dart            Conj           28%        1d4       10%         1

Your spell library contained the following spells:

 Spells                   Type           Power      Damage    Failure   Level
 Blink                    Tloc           16%        N/A       13%         2
 Call Imp                 Summ           8%         N/A       13%         2
 Slow                     Hex            12%        N/A       16%         1
 Lesser Beckoning         Tloc           8%         N/A       26%         3
 Portal Projectile        Hex/Tloc       10%        N/A       34%         3
 Conjure Flame            Conj/Fire      5%         6-21      36%         3
 Mephitic Cloud           Conj/Pois/Air  4%         N/A       36%         3
 Tukima's Dance           Hex            3%         N/A       43%         3
 Manifold Assault         Tloc           8%         N/A       94%         5
 Blade Hands              Tmut           1%         N/A       99%         5


Dungeon Overview and Level Annotations

Branches:
Dungeon (2/15)

Altars:

Annotations:
D:2 Natasha, Terence


Innate Abilities, Weirdness & Mutations

You cannot wear most types of armour.
You are amphibious.
You can wear up to eight rings at the same time.
Your skin changes colour to match your surroundings (Stealth+).
Your rubbery body absorbs attacks. (AC +1, EV +1)
((You are camouflaged when in or above water. (Stealth+)))
You have tentacles for arms and can constrict up to eight enemies at once.


Message History

You are frozen.
You hit the endoplasm.
The endoplasm is almost dead.
You hit the endoplasm.
You kill the endoplasm!
Things that are here:
a +3 short sword; 5 stones; a kobold corpse
f - a +3 short sword You drop a +0 short sword.
A rat comes into view.
Natasha hisses angrily.
You hear a shout!
Terence the Incautious comes into view.
He is wielding a +0 mace and carrying a wand of roots (8).
Natasha drinks a potion.
Natasha flickers and vanishes!
Deactivating autopickup; reactivate with Ctrl-A.
The rat moves out of view.
Okay, then.
Terence zaps a wand.
The roots erupt in riotous growth!
The grasping roots grab you! The grasping roots constrict you.
You see here a scroll labelled HONEKI YDGHAXACS.
Aiming: Magic Dart (safe; 10% risk of failure)
Press: ? - help, Q - select action Shift-Dir - straight line, f - Terence
Aim: Terence, wielding a +0 mace, wearing a +0 scale mail and carrying a wand of roots (7) (100% to hit)
The magic dart hits Terence.
Terence is lightly wounded.
The grasping roots constrict you.
A bat comes into view.
Aiming: Magic Dart (safe; 10% risk of failure)
Press: ? - help, Q - select action Shift-Dir - straight line, f/p - Terence
Aim: Terence, wielding a +0 mace, wearing a +0 scale mail and carrying a wand of roots (7) (lightly wounded, 100% to hit)
The magic dart hits Terence but does no damage.
Terence is lightly wounded.
The bat hits you but does no damage. The grasping roots constrict you.
The bat hits you.
You barely miss Terence. You grab Terence.
You constrict Terence, but do no damage.
The bat hits you. Terence hits you with a +0 mace.
* * * LOW HITPOINT WARNING * * *
The grasping roots constrict you.
You die...

.. .. # .#### #.
.... #..
..#####.. ...
#........ . ..
#)### ...
#.#+#.#<..##.....
#.....b@@r...#
#.#..######....#
#. ...# # #.# .#
#


You could see Terence, a bat and a rat.

Vanquished Creatures
  A dart slug (D:1)
  3 ball pythons (D:1)
  A bat (D:1)
  5 endoplasms
  A giant cockroach (D:1)
  2 goblins (D:1)
  2 hobgoblins (D:1)
  6 jackals (D:1)
  2 kobolds
  A frilled lizard (D:1)
  A rat (D:1)
25 creatures vanquished.

Notes
Turn   | Place    | Note
-------+----------+-------------------------------------------
     0 | D:1      | Barneous the Octopode Hedge Wizard began the quest for the
                  | Orb.
     0 | D:1      | Reached XP level 1. HP: 11/11 MP: 4/4
   122 | D:1      | Reached XP level 2. HP: 11/17 MP: 6/6
   740 | D:1      | Reached XP level 3. HP: 21/21 MP: 7/7
  1224 | D:2      | Noticed Natasha
  1232 | D:2      | Noticed Terence
  1237 | D:2      | Constricted to death by Terence

Illustrated notes

Levels and vault maps discovered:
D:1:      dpeg_arrival_simpleton_b, layout_basic, serial_curves, eino_curves_04,
          eino_curves_02, eino_curves_02, corexii_hall_statues_x
D:2:      layout_basic, basic_altar, uniq_natasha, uniq_terence

Action                   || total
-------------------------++-------
Melee: Short sword       ||    10
       Tentacles         ||     7
       Constrict         ||    10
       Dagger            ||    28
       Punch             ||     2
 Cast: Magic Dart        ||     4
  Use: Scroll            ||     5
       Potion            ||     2
 Stab: Sleeping          ||     8
Armor: Skin              ||     1
Dodge: Dodged            ||    18
